Map: Vigía EE

Players

MrFercho

  • Race: Zerg Zerg
  • League: Silver
  • Spawn Location: 9:00

TATORREA

  • Race: Protoss Protoss
  • League: Silver
  • Spawn Location: 12:00

tigro

  • Race: Terran Terran
  • League: Bronze
  • Spawn Location: 9:00

NIGHER

  • Race: Protoss Protoss
  • Spawn Location: 5:00

Mickle

  • Race: Protoss Protoss
  • Spawn Location: 6:00

BillbusBago

  • Race: Terran Terran
  • Spawn Location: 5:00

VOD

Have the link to the VOD?

Description

Time

  • Played on: May 19, 2020, 10:06 p.m.
  • Length: 10:13
Show
View Real Time Build Order
Export as new Build Order

MrFercho Zerg 

Build Orders: Pool First 

Get SALT Encoding   

  12  0:02  Drone  
  13  0:08  Drone  
  14  0:17  Overlord  
  14  0:22  Extractor  
  14  0:24  Extractor  
  14  0:28  Drone  
  13  0:35  Drone  
  14  0:42  Drone  
  15  0:46  Drone  
  16  1:04  Drone  
  17  1:18  Drone x2  
  19  1:28  Spawning Pool  
  19  1:32  Drone  
  19  1:43  Drone  
  20  1:58  Hatchery  
  19  2:05  Drone  
  19  2:06  Drone  
  21  2:19  Roach Warren  
  20  2:27  Queen  
  22  2:38  Metabolic Boost  
  22  3:30  Roach  
  22  3:31  Roach x2  
  28  3:40  Lair  
  28  4:03  Pneumatized Carapace  
  28  4:13  Evolution Chamber  
  27  4:22  Evolution Chamber  
  26  4:27  Hatchery  
  26  4:31  Hatchery  
  18  5:05  Spire  
  17  5:08  Zerg Melee Weapons Level 1, Zerg Ground Armor Level 1  
  17  5:24  Drone x3  
  17  5:25  Drone x3  
  23  5:42  Spore Crawler  
  23  5:46  Spore Crawler  
  21  5:51  Spore Crawler x2  
  21  5:56  Overseer  
  19  6:15  Zergling x6  
  19  6:16  Zergling x12  
  21  6:45  Roach x3  
  15  7:20  Drone  
  7  8:10  Drone  
  8  8:52  Drone  
  9  9:22  Drone x2  
Show
View Real Time Build Order
Export as new Build Order

TATORREA Protoss 

Build Orders:  

Get SALT Encoding   

  12  0:01  Probe  
  13  0:22  Probe  
  13  0:28  Pylon  
  14  0:34  Probe  
  15  0:39  Assimilator  
  15  0:46  Probe  
  16  1:02  Gateway  
  16  1:06  Probe  
  17  1:18  Probe  
  17  1:24  Assimilator  
  18  1:31  Pylon, Probe  
  19  1:35  Pylon  
  19  1:43  Probe  
  20  1:55  Probe  
  21  2:04  Cybernetics Core  
  21  2:06  Forge  
  21  2:07  Probe  
  22  2:09  Zealot  
  24  2:32  Gateway  
  24  2:41  Stalker  
  26  2:45  Warp Gate  
  26  2:47  Protoss Ground Weapons Level 1  
  26  2:58  Stargate  
  26  3:00  Twilight Council  
  26  3:13  Stalker  
  28  3:28  Stalker  
  30  3:39  Charge  
  30  3:59  Nexus  
  30  4:05  Oracle  
  33  4:23  Robotics Facility  
  33  4:43  Stalker  
  33  4:44  Stalker  
  37  5:01  Protoss Ground Weapons Level 2  
  37  5:14  Stalker  
  39  5:21  Stalker  
  41  5:31  Probe x2  
  43  5:43  Probe  
  43  5:55  Probe  
  32  6:07  Probe  
  15  7:05  Probe  
  16  7:13  Stalker  
  16  7:14  Stalker  
  20  7:17  Probe  
  21  7:29  Probe  
  22  7:41  Probe  
  23  7:53  Probe  
  24  8:11  Probe  
  25  8:23  Probe  
  26  8:27  Stalker  
  26  8:28  Stalker  
  30  8:36  Probe  
  19  8:48  Probe  
  16  8:52  Pylon  
  12  9:00  Probe  
  13  9:13  Probe  
  14  9:22  Photon Cannon  
  14  9:26  Probe  
  15  9:34  Phoenix  
  17  9:42  Probe  
  18  9:54  Probe  
Show
View Real Time Build Order
Export as new Build Order

tigro Terran 

Build Orders:  

Get SALT Encoding   

  12  0:02  SCV  
  13  0:14  SCV  
  14  0:21  Supply Depot  
  14  0:26  SCV  
  15  0:31  Refinery  
  15  0:43  SCV  
  16  0:56  Barracks  
  16  1:08  SCV  
  17  1:20  SCV  
  17  1:23  Refinery  
  18  1:30  Supply Depot  
  19  1:32  SCV  
  19  1:44  SCV  
  19  1:46  Reaper  
  21  1:57  SCV  
  22  2:09  SCV  
  22  2:10  Barracks  
  23  2:18  Reaper  
  23  2:21  SCV  
  25  2:33  SCV  
  25  2:35  Engineering Bay  
  26  2:48  Orbital Command  
  26  2:50  Marine  
  27  3:08  Barracks Tech Lab, Marine  
  28  3:25  Marine  
  29  3:35  Missile Turret  
  29  3:41  Command Center  
  29  3:57  Missile Turret  
  29  4:18  Missile Turret  
  28  4:40  Missile Turret  
  28  5:00  SCV  
  29  5:12  SCV  
  30  5:16  Missile Turret  
  30  5:21  Barracks Tech Lab  
  30  5:22  Combat Shield  
  30  5:24  SCV  
  30  5:26  Marauder  
  33  5:37  SCV  
  33  5:38  Missile Turret  
  34  5:43  Factory  
  34  5:47  Marine  
  34  5:48  Marine  
  34  5:49  SCV  
  37  6:05  Marine x2  
  39  6:17  Stimpack  
  39  6:23  Marine x2  
  39  6:35  Missile Turret  
  38  6:41  Marine x2, Concussive Shells  
  38  6:45  Planetary Fortress  
  33  6:59  Marine x2  
  34  7:16  Marine  
  34  7:17  Marine  
  35  7:42  SCV  
  36  7:54  SCV  
  37  8:06  SCV  
  37  8:11  Terran Infantry Weapons Level 1, Factory Tech Lab  
  38  8:18  SCV  
  39  8:24  Starport  
  39  8:27  Refinery  
  39  8:30  SCV  
  40  8:39  Siege Tank  
  43  8:42  SCV  
  44  8:51  Armory  
  32  9:28  Viking  
  30  9:39  Supply Depot  
  30  9:44  Fusion Core  
  29  9:50  Missile Turret  
  31  10:01  Supply Depot  
Show
View Real Time Build Order
Export as new Build Order

NIGHER Protoss 

Build Orders:  

Get SALT Encoding   

  12  0:13  Pylon  
  12  0:16  Probe  
  13  0:28  Probe  
  13  0:29  Assimilator  
  14  0:44  Gateway  
  14  0:48  Probe (Chrono Boost)  
  16  0:58  Probe (Chrono Boost)  
  16  1:00  Assimilator  
  16  1:30  Pylon  
  16  1:36  Cybernetics Core  
  16  1:44  Probe (Chrono Boost)  
  17  1:54  Probe (Chrono Boost)  
  18  1:59  Probe (Chrono Boost)  
  18  2:00  Pylon  
  19  2:05  Pylon  
  19  2:19  Stargate  
  19  2:22  Pylon  
  19  2:45  Protoss Air Weapons Level 1  
  19  3:04  Void Ray (Chrono Boost)  
  23  3:42  Void Ray (Chrono Boost)  
  27  4:12  Void Ray (Chrono Boost)  
  31  4:41  Stargate  
  31  4:54  Protoss Air Armor Level 1  
  31  5:13  Void Ray  
  35  5:33  Fleet Beacon  
  23  6:21  Tempest  
  28  6:31  Pylon  
  28  6:35  Pylon  
  28  6:38  Pylon  
  28  7:01  Nexus  
  28  7:14  Tempest  
  33  7:15  Tempest  
  38  7:41  Nexus  
  38  8:16  Tempest  
  38  8:17  Tempest  
  48  8:31  Probe  
  49  8:43  Probe  
  50  8:55  Probe  
  51  9:07  Probe  
  52  9:19  Probe  
  53  9:49  Probe (Chrono Boost)  
  54  9:55  Assimilator  
  54  9:59  Probe (Chrono Boost)  
  55  10:01  Assimilator  
Show
View Real Time Build Order
Export as new Build Order

Mickle Protoss 

Build Orders:  

Get SALT Encoding   

  12  0:01  Probe  
  13  0:14  Pylon  
  13  0:19  Probe  
  14  0:31  Probe  
  14  0:32  Assimilator  
  15  0:43  Probe  
  15  0:47  Gateway  
  16  0:55  Probe  
  17  1:00  Assimilator  
  17  1:25  Probe  
  18  1:40  Cybernetics Core  
  18  1:41  Pylon  
  18  1:43  Probe  
  19  1:55  Probe  
  20  2:07  Probe  
  21  2:19  Probe, Stargate  
  21  2:20  Stargate  
  22  2:31  Probe  
  23  2:45  Pylon  
  23  3:04  Protoss Air Weapons Level 1 (Chrono Boost)  
  23  3:06  Void Ray  
  27  3:24  Void Ray  
  31  3:42  Nexus  
  31  3:50  Assimilator  
  31  3:52  Void Ray  
  34  4:15  Probe  
  35  4:19  Void Ray  
  39  4:33  Pylon  
  39  4:51  Void Ray, Probe  
  44  5:02  Probe  
  44  5:03  Probe  
  46  5:08  Pylon  
  46  5:12  Pylon  
  46  5:15  Probe  
  46  5:16  Void Ray  
  51  5:24  Probe  
  51  5:25  Assimilator  
  52  5:39  Probe  
  52  5:40  Probe  
  54  5:49  Void Ray  
  58  6:01  Void Ray  
  62  6:09  Probe x2  
  64  6:32  Void Ray  
  68  6:36  Probe x2  
  66  6:44  Void Ray  
  54  7:14  Void Ray  
  58  7:27  Void Ray, Probe x2  
  64  7:39  Probe x2  
  63  7:51  Probe  
  63  7:57  Void Ray  
  63  8:10  Void Ray  
  67  8:40  Void Ray  
  63  8:52  Void Ray  
  63  8:54  Probe x2  
  69  9:23  Void Ray  
  77  9:40  Stargate  
  77  9:44  Pylon  
Show
View Real Time Build Order
Export as new Build Order

BillbusBago Terran 

Build Orders:  

Get SALT Encoding   

  12  0:16  Supply Depot  
  12  0:25  Supply Depot  
  12  0:27  SCV  
  13  0:43  Supply Depot  
  13  0:57  Supply Depot  
  13  1:04  SCV  
  13  1:06  Supply Depot  
  14  1:16  SCV  
  15  1:30  Barracks  
  15  1:33  Barracks  
  15  1:51  Refinery  
  15  1:55  SCV  
  16  2:07  SCV  
  17  2:18  Marine  
  17  2:20  Marine  
  19  2:36  Marine, Refinery  
  20  2:38  Marine  
  21  2:53  Marine  
  22  3:04  Engineering Bay  
  22  3:11  Marine  
  23  3:13  Marine  
  24  3:29  Marine  
  24  3:31  Marine  
  26  3:37  Factory  
  26  3:42  Orbital Command  
  26  4:06  Barracks Tech Lab  
  27  4:22  Reaper  
  27  4:54  Reaper  
  27  4:55  Factory Tech Lab  
  28  5:00  Reaper  
  29  5:26  Reaper  
  29  5:27  Command Center  
  30  5:32  Reaper  
  31  5:36  Terran Infantry Weapons Level 1  
  19  7:30  Terran Infantry Armor Level 1  
  19  7:38  Marine  
  11  7:56  Marine  
  11  8:11  Marine  
  12  8:13  Siege Tank  
  12  8:14  Marine  
  12  8:18  SCV  
  17  8:21  SCV  
  18  8:29  Marine  
  18  8:30  SCV  
  18  8:32  Marine  
  18  8:33  Refinery, SCV  
  22  8:42  SCV  
  22  8:45  Siege Tank, SCV  
  22  8:46  Marine  
  28  8:50  Marine  
  28  8:55  SCV  
  30  8:57  SCV  
  31  9:04  Marine  
  31  9:07  Marine  
  31  9:09  SCV  
  34  9:18  Siege Tank  
  34  9:21  SCV  
  34  9:22  Marine  
  39  9:33  SCV  
  39  9:34  Refinery  
  40  9:45  SCV  
  40  9:46  Marine  
  40  9:48  Marine  
  46  9:58  SCV  
Tags
 
Add a new tag
Caveats
  • Supply blocks, unpowered buildings, or Contaminate may cause inaccurate times.
  • Supply counts are checked every 10 seconds.